 Dungeon Crawl Stone Soup version 0.29.0-4-gdea44cf6ec (webtiles) character file.

Game seed: 4607707430212948479

5 keekatzer the Ducker (level 1, 0/12 HPs)
             Began as a Deep Elf Gladiator on Aug 26, 2022.
             Slain by a quokka (2 damage)
             ... on level 1 of the Dungeon.
             The game lasted 00:01:15 (140 turns).

keekatzer the Ducker (Deep Elf Gladiator)            Turns: 140, Time: 00:01:15

Health: 0/12       AC:  5    Str: 11    XL:     1   Next: 66%
Magic:  3/3        EV: 13    Int: 12    God:
Gold:   9          SH:  0    Dex: 16    Spells: 0/0 levels left

rFire   . . .      SeeInvis .   a - +0 rapier
rCold   . . .      Faith    .   (no shield)
rNeg    . . .      Spirit   .   b - +0 leather armour
rPois   .          Reflect  .   c - +0 helmet
rElec   .          Harm     .   (no cloak)
rCorr   .          Rampage  .   (no gloves)
Will    .....                   f - +0 pair of boots
Stlth   ++........              (no amulet)
HPRegen 0.04/turn               (no ring)
MPRegen 0.08/turn               (no ring)

@: no status effects
A: no striking features
a: no special abilities


You were on level 1 of the Dungeon.
You visited 1 branch of the dungeon, and saw 1 of its levels.

You collected 9 gold pieces.

Inventory:

Hand Weapons
 a - a +0 rapier (weapon)
Missiles
 d - 3 throwing nets (quivered)
 e - a javelin
Armour
 b - a +0 leather armour (worn)
 c - a +0 helmet (worn)
 f - a +0 pair of boots (worn)


   Skills:
 - Level 1.5 Fighting
 - Level 3.0 Short Blades
 - Level 2.0 Throwing
 + Level 3.8 Dodging
 * Level 1.4 Stealth


You couldn't memorise any spells.
You didn't know any spells.
Your spell library was empty.

Dungeon Overview and Level Annotations

Branches:
Dungeon (1/15)

Altars:


Message History

The giant cockroach is severely wounded.
The giant cockroach bites you but does no damage.
You closely miss the giant cockroach.
The giant cockroach is heavily wounded.
The giant cockroach closely misses you.
You puncture the giant cockroach!
You kill the giant cockroach!
Your Stealth skill increases to level 1!
A frilled lizard comes into view.
You barely miss the frilled lizard. The frilled lizard closely misses you.
You hit the frilled lizard but do no damage.
The frilled lizard bites you but does no damage.
You hit the frilled lizard.
You kill the frilled lizard!
Found a club.
You see here a +0 club.
You open the door.
Found 9 gold pieces.
A quokka comes into view.
There is an open door here.
A rat comes into view.
A frilled lizard comes into view.
A bat comes into view.
You see here 9 gold pieces.
You now have 9 gold pieces.
You hit the bat.
You kill the bat!
The frilled lizard hisses angrily.
The frilled lizard bites you.
You miss the frilled lizard. The frilled lizard closely misses you.
You barely miss the frilled lizard. The frilled lizard misses you. x2
You barely miss the frilled lizard. The frilled lizard bites you.
You hit the frilled lizard.
You kill the frilled lizard!
There is an open door here.
You see here a +0 club.
The quokka bites you.
* * * LOW HITPOINT WARNING * * *
You closely miss the quokka. The quokka bites you.
You die...

#.##.#... # #.#......#
#..........# #.#.#.....##
#.#........#
#.#.......#.##
#.............
###########.......r.
###........@r....#### .
#........####...#####....
#........# ####..†......
#........# #.........
######........#
#.........
........†.....#
######....
########.###### ... #.#
.. #.############# .


You could see a quokka.

Vanquished Creatures
  An endoplasm (D:1)
  A giant cockroach (D:1)
  2 bats (D:1)
  2 frilled lizards (D:1)
6 creatures vanquished.

Notes
Turn   | Place    | Note
-------+----------+-------------------------------------------
     0 | D:1      | keekatzer the Deep Elf Gladiator began the quest for the
                  | Orb.
     0 | D:1      | Reached XP level 1. HP: 12/12 MP: 3/3
   101 | D:1      | Reached skill level 1 in Stealth
   140 | D:1      | Slain by a quokka

Illustrated notes

Levels and vault maps discovered:
D:1:      scummos_arrival_simple_fountains, layout_basic,
          shapermc_ecumenical_altar_gd, grunt_decor_one_mirror

Skill      XL: |  1 |
---------------+----+-----
Stealth        | 1 |  1.4
Fighting       | |  1.5
Short Blades   | |  3.0
Throwing       | |  2.0
Dodging        | |  3.8

Action                   || total
-------------------------++-------
Melee: Rapier            ||    21
Armor: Leather armour    ||     8
Dodge: Dodged            ||    12
